 Dungeon Crawl Stone Soup version 0.28.0-53-g5a82cb258f (webtiles) character file.

Game seed: 7988695271449402171

72007 buhh the Warrior (level 15, 0/117 (139) HPs)
             Began as an Octopode Transmuter on June 19, 2022.
             Was a Priest of Cheibriados.
             Slain by Rupert
             ... wielding a +1 triple sword of draining
              (36 damage)
             ... on level 14 of the Dungeon on June 20, 2022.
             The game lasted 00:54:08 (24521 turns).

buhh the Warrior (Octopode Transmuter)             Turns: 24521, Time: 00:54:08

HP:   0/117 (139)   AC: 14    Str: 25    XL:     15   Next: 38%
MP:   43/43         EV: 13    Int: 37    God:    Cheibriados [***...]
Gold: 2991          SH:  0    Dex: 21    Spells: 8/18 levels left

rFire   . . .      SeeInvis .     - Unarmed
rCold   + + +      Faith    .   (shield currently unavailable)
rNeg    . . .      Spirit   .   (helmet currently unavailable)
rPois   +          Reflect  .   C - amulet of regeneration
rElec   .          Harm     .   e - +4 ring of slaying
rCorr   +          Rampage  .   n - ring of wizardry
Will    ++++.                   d - ring of Beatisar {rF+ MP+9 Str+2 Int+2 Dex+4}
Stlth   ++........              w - ring "Luofoc" {Will+ Str+6 Int+6 Dex-4}
HPRegen 1.09/turn               I - ring of resist corrosion
MPRegen 0.28/turn               y - ring of willpower
                                t - ring of magical power
                                V - ring of willpower

@: ice-form, studying 2 skills, heavily drained, invisible, very slow
A: freezing attack, boosted hp, almost no armour, amphibious, 8 rings, large,
(camouflage 1), (gelatinous body 1), (nimble swimmer 1), (tentacles), clumsy 1,
high MP 1, wild magic 1
a: End Transformation, Renounce Religion, Bend Time, Temporal Distortion


You were on level 14 of the Dungeon.
You worshipped Cheibriados.
Cheibriados was most pleased with you.
You were a creature of crystalline ice.
You visited 4 branches of the dungeon, and saw 23 of its levels.
You also visited: Ossuary, Bailey and Gauntlet.

You collected 2991 gold pieces.

Inventory:

Missiles
 a - 32 poisoned darts
 p - 4 curare-tipped darts
 G - 6 javelins
Armour
 i - a +2 hat of intelligence (melded)
Magical Staves
 s - a staff of cold (melded)
Jewellery
 d - the ring of Beatisar (on tentacle) {rF+ MP+9 Str+2 Int+2 Dex+4}
   (You acquired it on level 3 of the Dungeon)

   [ring of magical power]

   Str:       It affects your strength (+2).
   Int:       It affects your intelligence (+2).
   Dex:       It affects your dexterity (+4).
   rF:        It protects you from fire.
   MP:        It affects your magic capacity (+9).
 e - a +4 ring of slaying (left front paw)
 n - a ring of wizardry (right front paw)
 t - a ring of magical power (on tentacle)
 w - the ring "Luofoc" (on tentacle) {Will+ Str+6 Int+6 Dex-4}
   (You acquired it on level 7 of the Dungeon)

   [ring of intelligence]

   Str:       It affects your strength (+6).
   Int:       It affects your intelligence (+6).
   Dex:       It affects your dexterity (-4).
   Will:      It increases your willpower.
 y - a ring of willpower (on tentacle)
 z - a ring of ice
 C - an amulet of regeneration (around neck)
 I - a ring of resist corrosion (on tentacle)
 V - a ring of willpower (on tentacle)
Wands
 f - a wand of flame (19)
 D - a wand of acid (3)
 F - a wand of iceblast (5)
 M - a wand of paralysis (5)
 W - a wand of charming (7)
Scrolls
 g - 2 scrolls of identify {!d}
 m - 3 scrolls of noise
 o - 2 scrolls of brand weapon
 r - 2 scrolls of silence {!r}
 u - 2 scrolls of summoning {unknown}
 v - a scroll of holy word {unknown}
 x - 3 scrolls of enchant armour {unknown}
 A - a scroll of torment {unknown}
 E - a scroll of enchant weapon {unknown}
 P - 4 scrolls of magic mapping {!r!d}
 Q - 3 scrolls of fog
 S - 2 scrolls of vulnerability {unknown}
 T - 3 scrolls of immolation {!d}
 X - 4 scrolls of amnesia
Potions
 b - 5 potions of degeneration
 h - 3 potions of berserk rage {!q}
 k - 4 potions of flight
 l - 3 potions of attraction
 B - 5 potions of ambrosia {!q!d}
 H - 4 potions of invisibility {!q!d}
 J - 4 potions of magic {!q!d}
 K - a potion of brilliance {!q!d}
 L - 3 potions of resistance {!q!d}
 N - 9 potions of curing {!q!d}
 O - 4 potions of haste {!q!d}
 U - 4 potions of mutation {!d}
Miscellaneous
 j - a box of beasts
 R - a phantom mirror (inert)


   Skills:
 - Level 15.0 Fighting
 - Level 5.0 Dodging
 - Level 1.0 Stealth
 - Level 13.0 Unarmed Combat
 - Level 2.0 Spellcasting
 * Level 13.4 Transmutations
 - Level 8.0 Ice Magic
 - Level 11.0 Invocations


You had 8 spell levels left.
You knew the following spells:

 Your Spells              Type           Power      Damage    Failure   Level
a - Beastly Appendage     Tmut           100%       N/A       1%          1
b - Wereblood             Tmut           94%        N/A       1%          2
c - Spider Form           Tmut/Pois      62%        N/A       1%          3
d - Ice Form              Ice/Tmut       82%        N/A       1%          4

Your spell library contained the following spells:

 Spells                   Type           Power      Damage    Failure   Level
 Ensorcelled Hibernation  Hex/Ice        86%        N/A       1%          2
 Passwall                 Tmut/Erth      51%        N/A       1%          2
 Apportation              Tloc           8%         N/A       3%          1
 Summon Small Mammal      Summ           16%        N/A       3%          1
 Static Discharge         Conj/Air       4%         N/A       4%          2
 Alistair's Intoxication  Tmut/Pois      41%        N/A       5%          5
 Yara's Violent Unravell  Hex/Tmut       31%        3d13      5%          5
 Summon Ice Beast         Ice/Summ       43%        N/A       6%          4
 Call Canine Familiar     Summ           4%         N/A       9%          3
 Gell's Gravitas          Tloc           4%         N/A       9%          3
 Inner Flame              Hex/Fire       4%         N/A       9%          3
 Lesser Beckoning         Tloc           4%         N/A       9%          3
 Summon Guardian Golem    Hex/Summ       4%         N/A       9%          3
 Swiftness                Air            4%         N/A       9%          3
 Teleport Other           Tloc           4%         N/A       9%          3
 Tukima's Dance           Hex            4%         N/A       9%          3
 Dragon Form              Tmut           47%        N/A       10%         7
 Cause Fear               Hex            2%         N/A       24%         4
 Passage of Golubria      Tloc           4%         N/A       24%         4
 Fireball                 Conj/Fire      2%         3d4       52%         5
 Lightning Bolt           Conj/Air       2%         1d13      52%         5
 Summon Mana Viper        Hex/Summ       4%         N/A       52%         5
 Starburst                Conj/Fire      2%         6d3       96%         6
 Monstrous Menagerie      Summ           2%         N/A       100%        7
 Discord                  Hex            2%         N/A       100%        8
 Disjunction              Tloc           2%         N/A       100%        8
 Ignition                 Fire           2%         3d3       100%        8
 Maxwell's Capacitive Co  Air            2%         ∞         100%        8
 Dragon's Call            Summ           2%         N/A       100%        9


Dungeon Overview and Level Annotations

Branches:
Dungeon (14/15)            Temple (1/1) D:6            Lair (6/6) D:11
  Swamp (0/4) Lair:3        Snake (0/4) Lair:2        Slime (0/5) Lair:5
    Orc (2/2) D:9             Elf (0/3) Orc:2        Vaults (0/5) D:14
Ossuary (visited)          Bailey (visited)         Gauntlet (visited)

Altars:
Cheibriados
Kikubaaqudgha
Nemelex Xobeh
Okawaru
Qazlal
Sif Muna
Uskayaw
Vehumet
Yredelemnul
Jiyva

Shops:
D:4 (   D:8 *   D:9 (   D:13 [

Annotations:
D:3 Grinder
D:4 Blork the orc
D:5 2 runed translucent doors, exclusion: door, Crazy Yiuf
D:6 1 runed translucent door, exclusion: door, moldycheese5's ghost, amateur DsGl
D:14 Rupert
Lair:6 1 runed translucent door


Innate Abilities, Weirdness & Mutations

You are a creature of crystalline ice.
You have a powerful freezing melee attack.
Your maximum health is increased.
Your armour is entirely melded.
You are incapable of wielding weapons or throwing items.
You cannot wear most types of armour.
You are amphibious.
You can wear up to eight rings at the same time.
((Your skin changes colour to match your surroundings (Stealth+).))
((Your rubbery body absorbs attacks. (AC +1, EV +1)))
((You are camouflaged when in or above water. (Stealth+)))
((You have tentacles for arms and can constrict up to eight enemies at once.))
You are clumsy. (Dex -2)
You have an increased reservoir of magic. (+10% MP)
Your spells are a little harder to cast, but a little more powerful.


Message History

The white ugly thing looks frightened! x3
A white ugly thing comes into view.
Rupert yells loudly at you. You resist with almost no effort.
Okay, then.
Okay, then.
Okay, then.
Rupert roars madly and goes into a rage!
Rupert goes berserk!
You hear a horrible gurgling sound!
You barely miss Rupert.
You hear a horrible gurgling sound!
Rupert hits you with a +1 triple sword of draining!!!
You feel drained.
You pummel Rupert!! You freeze Rupert!
Rupert is moderately wounded.
Rupert hits you with a +1 triple sword of draining!!!
You feel drained.
* * * LOW HITPOINT WARNING * * *
Rupert hits you with a +1 triple sword of draining!
* * * LOW HITPOINT WARNING * * *
You feel drained.
* * * LOW HITPOINT WARNING * * *
Blink to where?
Press: ? - help, Dir - move target
As you read the scroll of blinking {!d}, it crumbles to dust.
Okay, then.
Blink to where?
Press: ? - help, Dir - move target
As you read the scroll of blinking {!d}, it crumbles to dust.
You hear a shout!
You hear a shout!
Okay, then.
Blink to where?
Press: ? - help, Dir - move target
As you read the scroll of blinking {!d}, it crumbles to dust.
Really quaff
H - 5 potions of invisibility {!q!d}?
You fade into invisibility!
Rupert hits you with a +1 triple sword of draining!!!
You die...

........#####.# .......(......#
≈≈≈ ........####### ≈≈≈
........# #≈≈ ........# .#≈
........## ### #.# .........#
###.##..# ####.###.## #..@...#
#.# #..###.##Y### #.#
##.....##.# ###.# ########..##
+.#.# #≈≈≈# ##..# ###### #.#..
#≈≈≈#####.## ###..#≈#
#.##+####≈≈≈#......####†'<.#≈#
#......##≈≈≈#......#....#..#≈#
##'#....##≈≈≈#........####..###
...#....+#≈≈J#......### #..####


You could see Rupert (berserk).

Vanquished Creatures
  The ghost of Yzykh the Fighter, a journeyman DsAK of Lugonu (D:13)
  A minotaur (Gauntlet)
  Snorg (D:14)
  Josephine (Lair:4)
  Harold (Lair:1)
  The ghost of zhov the Unseen, a journeyman SpEn of Okawaru (Lair:4)
  Fannar (D:11)
  A rakshasa (D:12)
  2 vault guards (Bailey)
  5 hydras
  2 boulder beetles
  A catoblepas (D:12)
  4 centaur warriors
  6 two-headed ogres
  3 death yaks (Lair:5)
  2 tengu warriors
  Urug (Lair:4)
  A hell hog (Gauntlet)
  Sonja (Lair:4)
  A swamp dragon (Lair:6)
  3 orc knights
  A lindwurm (Lair:6)
  2 necromancers (D:14)
  Pikel (D:9)
  4 cyclopes
  4 manticores
  2 ugly things (D:13)
  A black mamba (Lair:6)
  4 elephants
  A gargoyle (D:11)
  7 torpor snails
  2 unseen horrors
  12 cane toads
  10 komodo dragons
  3 kobold demonologists
  3 rime drakes
  A tengu conjurer (Gauntlet)
  A queen bee (D:13)
  4 tyrant leeches (Lair:6)
  2 trolls
  3 meliai (D:13)
  7 hornets
  5 polar bears
  Prince Ribbit (D:6)
  4 blink frogs (Lair:2)
  4 slime creatures (D:14)
  7 dream sheep
  5 shadows
  37 yaks
  A vampire (D:13)
  7 wraiths
  4 wyverns
  4 basilisks
  6 humans (Bailey)
  4 fire bats (Gauntlet)
  2 steam dragons
  2 wargs
  A naga (Lair:2)
  4 acid dragons
  15 water moccasins
  A hell hound (Gauntlet)
  A swamp drake (Lair:6)
  2 black bears (D:11)
  17 orc warriors
  2 necrophages
  4 wolves (Lair:2)
  12 centaurs
  9 ogres
  2 lemures (D:9)
  2 kobold brigands
  A wyvern zombie (D:8)
  27 bullfrogs
  A gnoll sergeant (D:8)
  3 scorpions
  2 wyvern skeletons
  10 wights
  16 killer bees (D:13)
  8 howler monkeys
  4 electric eels
  3 centaur zombies
  2 hounds
  3 centaur skeletons
  2 gnoll shamans
  22 orc priests
  A jelly (D:4)
  2 iguanas (Lair:6)
  Natasha (thrice) (D:3)
  26 orc wizards
  8 hell rats
  2 hound skeletons
  8 mummies (Ossuary)
  13 gnolls
  8 river rats (Lair:3)
  9 adders
  3 ufetubi
  2 worms
  3 dart slugs
  56 orcs
  3 bats
  8 endoplasms
  2 giant cockroaches (D:4)
  3 gnoll zombies (Ossuary)
  12 hobgoblins
  2 jackals (D:3)
  4 quokkas
  8 ball pythons
  10 frilled lizards
  6 goblins
  A hobgoblin zombie (Ossuary)
  8 kobolds
  3 kobold zombies (Ossuary)
  An orc zombie (Ossuary)
  5 rats
  A rat zombie (D:6)
605 creatures vanquished.

Vanquished Creatures (collateral kills)
  A wraith (D:14)
1 creature vanquished.

Vanquished Creatures (others)
  14 demonic plants (Gauntlet)
  72 fungi
  107 plants
193 creatures vanquished.

Grand Total: 799 creatures vanquished

Notes
Turn   | Place    | Note
-------+----------+-------------------------------------------
     0 | D:1      | buhh the Octopode Transmuter began the quest for the Orb.
     0 | D:1      | Reached XP level 1. HP: 13/13 MP: 3/3
    97 | D:1      | Found a faded altar of an unknown god.
   177 | D:1      | Reached XP level 2. HP: 11/19 MP: 3/5
   203 | D:1      | Reached skill level 2 in Fighting
   398 | D:1      | Learned a level 2 spell: Wereblood
   614 | D:1      | Reached XP level 3. HP: 25/25 MP: 4/6
   712 | D:1      | Reached skill level 3 in Fighting
  1044 | D:2      | Identified the +8 spear of Glory {holy, Contam rF+ rCorr
                  | Str+3}
  1173 | D:2      | Reached XP level 4. HP: 32/32 MP: 5/7
  1350 | D:3      | Noticed Natasha
  1354 | D:3      | Killed Natasha
  1355 | D:3      | Reached skill level 4 in Fighting
  1406 | D:3      | Found a sparkling altar of Nemelex Xobeh.
  1417 | D:3      | Found a radiant altar of Vehumet.
  1679 | D:3      | Reached XP level 5. HP: 32/38 MP: 8/8
  1747 | D:3      | Noticed Natasha
  1756 | D:3      | Killed Natasha
  2129 | D:3      | Noticed Grinder
  2146 | D:4      | Reached skill level 5 in Fighting
  2641 | D:4      | Noticed Blork the orc
  2658 | D:4      | Found Xemmycwutic's Weapon Emporium.
  2696 | D:4      | Learned a level 3 spell: Spider Form
  2709 | D:4      | Reached XP level 6. HP: 10/45 MP: 6/9
  3857 | D:3      | Noticed Natasha
  3862 | D:3      | Killed Natasha
  4059 | D:3      | Identified a scroll of acquirement
  4064 | D:3      | Acquired the ring of Beatisar {rF+ MP+9 Str+2 Int+2 Dex+4}
  4264 | D:5      | Entered Level 5 of the Dungeon
  4266 | D:5      | Found an ancient bone altar of Kikubaaqudgha.
  4318 | D:5      | Reached XP level 7. HP: 34/50 MP: 10/10
  4628 | D:5      | Found a stormy altar of Qazlal.
  4756 | D:5      | Learned a level 4 spell: Ice Form
  5063 | D:5      | Identified the +1 robe "Udifrir" {Dex+3 Slay+2}
  5144 | D:5      | Found a runed translucent door.
  5265 | D:5      | Found a runed translucent door.
  5266 | D:5      | Noticed Crazy Yiuf
  5302 | D:6      | Found a staircase to the Ecumenical Temple.
  5306 | D:6      | Noticed Prince Ribbit
  5326 | D:6      | Killed Prince Ribbit
  5327 | D:6      | Reached XP level 8. HP: 41/55 MP: 11/11
  5574 | D:6      | Found a sand-covered staircase.
  5616 | Ossuary  | Entered an ossuary
  6423 | D:6      | Noticed moldycheese5's ghost (amateur DsGl)
  6426 | D:6      | Found a runed translucent door.
  6630 | Temple   | Entered the Ecumenical Temple
  6711 | Temple   | Became a worshipper of Cheibriados the Contemplative
  6868 | D:7      | Reached XP level 9. HP: 61/61 MP: 12/12
  7553 | D:7      | Acquired the ring "Luofoc" {Will+ Str+6 Int+6 Dex-4}
  8242 | D:8      | Reached skill level 6 in Fighting
  8290 | D:8      | Reached * piety under Cheibriados
  8356 | D:8      | Found Sempyx's Demolitions Depot.
  8745 | D:8      | Noticed a hornet
  8756 | D:8      | Killed a hornet
  9065 | D:8      | Reached skill level 7 in Fighting
  9065 | D:8      | Reached XP level 10. HP: 28/65 MP: 13/13
  9520 | D:9      | Found Ygemoot's Weapon Emporium.
  9529 | D:9      | Noticed a two-headed ogre
  9541 | D:9      | Killed a two-headed ogre
  9819 | D:9      | Reached skill level 8 in Fighting
  9826 | D:9      | Reached ** piety under Cheibriados
 10006 | D:9      | Noticed Pikel
 10049 | D:9      | Killed Pikel
 10294 | D:9      | Found a staircase to the Orcish Mines.
 10447 | D:10     | Entered Level 10 of the Dungeon
 10451 | D:10     | Noticed a two-headed ogre
 10462 | D:10     | Killed a two-headed ogre
 10463 | D:10     | Reached skill level 9 in Fighting
 10463 | D:10     | Reached XP level 11. HP: 61/80 MP: 15/15
 10548 | D:10     | Found a flagged portal.
 10579 | Bailey   | Entered a bailey
 10689 | Bailey   | Reached *** piety under Cheibriados
 10742 | Bailey   | Noticed a vault guard
 10754 | Bailey   | Killed a vault guard
 10810 | Bailey   | Noticed a vault guard
 10900 | Bailey   | Killed a vault guard
 10901 | Bailey   | Reached skill level 10 in Fighting
 12001 | D:11     | Reached **** piety under Cheibriados
 12150 | D:11     | Noticed a manticore
 12161 | D:11     | Killed a manticore
 12281 | D:11     | Reached XP level 12. HP: 87/87 MP: 19/19
 12321 | D:11     | Found a staircase to the Lair.
 12364 | D:11     | Reached skill level 11 in Invocations
 12367 | D:11     | Noticed Fannar
 12376 | D:11     | Noticed an eight-headed hydra
 12521 | D:11     | Killed an eight-headed hydra
 12672 | D:11     | Killed Fannar
 12918 | D:11     | Reached skill level 11 in Fighting
 13115 | Lair:1   | Entered Level 1 of the Lair of Beasts
 13116 | Lair:1   | Noticed Harold
 13128 | Lair:1   | Killed Harold
 13152 | Lair:1   | You fall into a shaft and drop 1 floor!
 13894 | Lair:2   | Found a staircase to the Snake Pit.
 14085 | Lair:2   | HP: 8/162 [poisoned by a cane toad]
 14087 | Lair:2   | HP: 3/108 [poisoned by a cane toad]
 14088 | Lair:2   | Gained mutation: You are clumsy. (Dex -2) [potion of
                  | mutation]
 14088 | Lair:2   | Gained mutation: You have an increased reservoir of magic.
                  | (+10% MP) [potion of mutation]
 14088 | Lair:2   | Gained mutation: Your spells are a little harder to cast,
                  | but a little more powerful. [potion of mutation]
 14231 | Lair:2   | Got Tungyec's Incunabulum of the Compass
 14384 | Lair:2   | Reached skill level 12 in Fighting
 15356 | Lair:3   | Reached ***** piety under Cheibriados
 15507 | Lair:3   | Reached XP level 13. HP: 98/98 MP: 23/23
 15537 | Lair:3   | Found a staircase to the Swamp.
 16378 | Lair:4   | Found a runed translucent door.
 16502 | Lair:4   | Reached skill level 13 in Fighting
 16595 | Lair:4   | Noticed Josephine
 16599 | Lair:4   | Killed Josephine
 16878 | Lair:4   | Noticed Urug
 16894 | Lair:4   | Killed Urug
 17030 | Lair:4   | Noticed Sonja
 17041 | Lair:4   | Killed Sonja
 17066 | Lair:4   | Reached skill level 11 in Unarmed Combat
 17113 | Lair:4   | Noticed zhov's ghost (journeyman SpEn)
 17617 | Lair:4   | Killed zhov's ghost
 17709 | Lair:5   | Found a staircase to the Slime Pits.
 17710 | Lair:5   | Found a viscous altar of Jiyva.
 18230 | Lair:6   | Entered Level 6 of the Lair of Beasts
 18294 | Lair:6   | Reached skill level 14 in Fighting
 18460 | Lair:6   | Reached XP level 14. HP: 108/108 MP: 24/24
 19489 | Lair:6   | Found a runed translucent door.
 20029 | Orc:1    | Entered Level 1 of the Orcish Mines
 20039 | Orc:1    | Reached skill level 15 in Fighting
 20558 | Orc:2    | Entered Level 2 of the Orcish Mines
 20893 | Orc:2    | Found a staircase to the Elven Halls.
 21494 | D:12     | Found a hide-covered altar of Uskayaw.
 21684 | D:12     | Identified the +11 shortbow "Hell-Harrower" {venom, Fly
                  | rElec}
 22102 | D:13     | Found a gate leading to a gauntlet.
 22108 | Gauntlet | Entered a Gauntlet
 22108 | Gauntlet | Found a transporter.
 22108 | Gauntlet | Found a transporter.
 22112 | Gauntlet | Found a transporter.
 22112 | Gauntlet | Found a transporter.
 22122 | Gauntlet | Found the necklace of Bloodlust {*Rage Will++ Int-3 Slay+6}
 22124 | Gauntlet | Found a transporter.
 22132 | Gauntlet | Found a transporter.
 22132 | Gauntlet | Found a transporter.
 22156 | Gauntlet | Found a transporter.
 22163 | Gauntlet | Found a transporter.
 22175 | Gauntlet | Found a transporter.
 22199 | Gauntlet | Found a transporter.
 22213 | Gauntlet | Found a transporter.
 22255 | Gauntlet | Found a transporter.
 22269 | Gauntlet | Found a transporter.
 22370 | Gauntlet | Found a transporter.
 22384 | Gauntlet | Found a transporter.
 22770 | Gauntlet | Reached skill level 11 in Transmutations
 22833 | Gauntlet | Identified the +2 cloak of Decompression {Dex+3}
 22857 | Gauntlet | Reached XP level 15. HP: 96/116 MP: 25/25
 22862 | Gauntlet | Identified the +1 leather armour of Zin's Favour {+Inv rC-
                  | Str+4}
 23074 | D:13     | Found a runed translucent door.
 23075 | D:13     | Noticed Yzykh's ghost (journeyman DsAK)
 24020 | D:13     | Found Xinen's Antique Armour Shop.
 24163 | D:13     | Killed Yzykh's ghost
 24257 | D:14     | Noticed Snorg
 24268 | D:14     | Killed Snorg
 24326 | D:14     | Found a gate to the Vaults.
 24499 | D:14     | Noticed Rupert
 24521 | D:14     | Slain by Rupert

Illustrated notes

Levels and vault maps discovered:
D:1:      minmay_arrival_shattered_statue, layout_rooms,
          shapermc_ecumenical_altar_mp_vishouse, minmay_lizard_pond
D:2:      layout_rooms
D:3:      layout_basic, amethyst_overflow_temple_binary, uniq_natasha,
          uniq_grinder
D:4:      layout_gridville, nicolae_concentric_dashed_squares_mild,
          nicolae_inconvenience_store, minmay_between, uniq_blork_the_orc
D:5:      layout_rooms, hangedman_feature_mirror, lightli_church_of_beogh,
          uniq_crazy_yiuf_cottage
D:6:      layout_rooms, temple_statues, enter_ossuary_3,
          hellmonk_ghost_happy_afterlife, uniq_prince_ribbit1
D:7:      layout_basic
D:8:      layout_loops_ring, nicolae_blasting_shop
D:9:      hellmonk_crumbling_castle, layout_irregular_city, orc_0_dummy,
          serial_shops, shop_statue, uniq_pikel
D:10:     layout_basic, enter_bailey_6
D:11:     minmay_goldmine, layout_cave_pools, due_lair_maze_entry_diamond,
          uniq_fannar
D:12:     layout_cave_pools, eat_drink_and_be_merry_uskayaw
D:13:     layout_layer_cave, gauntlet_entry_generic, ebering_ghost_inner_flame,
          serial_shops, nicolae_shop_stone, special_room [special_room_bee]
D:14:     layout_roguey, david_vaults_1, small_statue_alley_a, serial_aquarium,
          aquarium_bridge_square [aquarium_subvault_bridge,
          aquarium_subvault_window, aquarium_subvault_bridge,
          aquarium_subvault_wall], aquarium_bridge_square
          [aquarium_subvault_bridge, aquarium_subvault_bridge,
          aquarium_subvault_window, aquarium_subvault_wall],
          aquarium_window_fake, aquarium_window_fake, aquarium_view_2d,
          aquarium_view_2f, aquarium_pool_2, uniq_rupert, uniq_snorg
Temple:   mainiacjoe_temple_cubbyholes
Lair:1:   layout_small_grid, uniq_harold
Lair:2:   layout_regular_city, guppyfry_snake_entry_garden
Lair:3:   layout_gridlike, swamp_mist_pool, kennysheep_rathole,
          grunt_megastairs_2, lemuel_fruit_fields, serial_bayou_shore_b,
          infiniplex_staircase_pool_2
Lair:4:   layout_layer_cave, ebering_ghost_reflecting_pool, uniq_urug,
          uniq_sonja, uniq_josephine
Lair:5:   layout_long_grid, slime_altar_1
Lair:6:   guppyfry_lair_end_dragon, layout_gridlike, wormcave, serial_bayou,
          serial_bayou_pond_e, serial_bayou_pond_e, serial_bayou_ford_a,
          serial_bayou_pond_d
Orc:1:    layout_diamond_mine
Orc:2:    kennysheep_orc_mage_school, layout_diamond_mine, nicolae_orc_lava_room

Skill      XL: |  1  2  3  4  5  6  7  8  9 10 11 12 13 14 15 |
---------------+----------------------------------------------+-----
Stealth        | 1 |  1.0
Fighting       | 2 3 4 5 7 9 10 12 14 15 | 15.0
Transmutations | 3 5 6 7 8 11 13 | 13.4
Ice Magic      | 4 7 8 |  8.0
Invocations    | 3 5 10 11 | 11.0
Unarmed Combat | 5 8 9 11 13 | 13.0
Dodging        | 5 |  5.0
Spellcasting   | |  2.0

Action                   |  1- 3 |  4- 6 |  7- 9 | 10-12 | 13-15 || total
-------------------------+-------+-------+-------+-------+-------++-------
Melee: Unarmed           |    67 |   102 |   273 |   392 |   522 ||  1356
       Kick              |    14 |    21 |     1 |       |       ||    36
       Constrict         |    16 |    20 |     4 |       |       ||    40
       Tentacles         |    11 |    11 |       |       |       ||    22
       Punch             |     2 |     3 |       |       |       ||     5
       Staff             |       |       |       |       |     1 ||     1
 Cast: Beastly Appendage |    24 |    22 |     2 |       |       ||    48
       Spider Form       |       |    11 |    10 |       |       ||    21
       Ice Form          |       |       |    30 |    75 |   104 ||   209
       Wereblood         |       |       |     3 |     3 |     3 ||     9
Invok: Slouch            |       |       |       |     3 |    18 ||    21
Evoke: Wand              |       |       |       |     3 |     2 ||     5
       Box of beasts     |       |       |       |       |     1 ||     1
       Phantom mirror    |       |       |       |       |     1 ||     1
  Use: Scroll            |       |     5 |     5 |    11 |    10 ||    31
       Potion            |       |       |     3 |     8 |     4 ||    15
 Stab: Sleeping          |     3 |     6 |       |     2 |     3 ||    14
       Paralysed         |       |       |       |     3 |       ||     3
       Distracted        |       |       |       |       |     1 ||     1
Armor: Skin              |     6 |    13 |    74 |   174 |   202 ||   469
Dodge: Dodged            |    35 |    74 |   226 |   177 |   306 ||   818
